[Event "Titled Tuesday Blitz November 01 Early 2022"]
[White "Zaichenko, Daria"]
[Black "Matveeva, Olga"]
[WhiteFideId "4197453"]
[BlackFideId "24107018"]
[WhiteElo "2039"]
[BlackElo "2055"]
[Result "1-0"]
[Round "10"]
[TimeControl "180+1"]
[Date "2022.11.02"]
[WhiteClock "0:00:16"]
[BlackClock "0:00:15"]

1. e4 c6 2. d4 d5 3. Nc3 dxe4 4. Nxe4 Nf6 5. Nxf6+ exf6 6. Nf3 Bd6 7. Bd3 O-O 8. Be3 Bg4 9. h3 Bh5 10. c3 Nd7 11. Qc2 Bg6 12. O-O-O b5 13. h4 Re8 14. g4 b4 15. c4 b3 16. axb3 Qa5 17. c5 Bc7 18. g5 Rab8 19. h5 Bxd3 20. Qxd3 Qb4 21. Kc2 a5 22. Bd2 Qb5 23. Qf5 a4 24. b4 Qc4+ 25. Bc3 Re6 26. Qd3 Qb3+ 27. Kc1 a3 28. Qc2 axb2+ 29. Qxb2 Qc4 30. d5 cxd5 31. Rd4 Qe2 32. Qxe2 Rxe2 33. Rxd5 Bf4+ 34. Kd1 Rxf2 35. Rh3 Ne5 36. Nxe5 fxe5 37. Rhd3 Bxg5 38. c6 Ra8 39. c7 h6 40. Rd8+ Bxd8 41. Rxd8+ 1-0


[Site "https://www.chess.com"]

[Event "Titled Tuesday Blitz November 01 Early 2022"]
[White "Zakhartsov, Vladimir"]
[Black "Ibarra Jerez, Jose Carlos"]
[WhiteFideId "4145097"]
[BlackFideId "2226332"]
[WhiteElo "2492"]
[BlackElo "2627"]
[Result "1/2-1/2"]
[Round "10"]
[TimeControl "180+1"]
[Date "2022.11.01"]
[WhiteClock "0:00:03"]
[BlackClock "0:00:04"]

1. e4 Nc6 2. Nf3 d6 3. d4 Nf6 4. h3 Nxe4 5. d5 Nb8 6. c4 e5 7. dxe6 Bxe6 8. Bd3 Nc5 9. Be2 a5 10. O-O Be7 11. Nc3 Nc6 12. Nd5 O-O 13. b3 a4 14. Bb2 axb3 15. axb3 Rxa1 16. Bxa1 Bxd5 17. cxd5 Nb8 18. b4 Ncd7 19. Bd4 Bf6 20. Be3 Re8 21. Qc2 Na6 22. Qa4 Nb6 23. Qb3 Re4 24. Bxa6 bxa6 25. Rc1 h6 26. Bd2 Qd7 27. Qd3 Qf5 28. Rxc7 Qxd5 29. Qxd5 Nxd5 30. Rc8+ Kh7 31. Rc6 Nxb4 32. Bxb4 Rxb4 33. Rxa6 d5 34. Rd6 Rb1+ 35. Kh2 Rb2 36. Kg1 Rb1+ 37. Kh2 Rb5 38. g3 Kg8 39. Kg2 Kf8 40. Ne1 Ke7 41. Ra6 Rb3 42. Kf1 Bd4 43. Ra2 Kd6 44. Ke2 Rb8 45. Nd3 Re8+ 46. Kd2 Rb8 47. h4 Rb6 48. Ra7 Rb2+ 49. Nxb2 Bxa7 50. Nd3 Ke6 51. Ke2 Kf5 52. Kf3 Bb8 53. Nb4 Ke6 54. Nd3 Bd6 55. g4 g6 56. h5 gxh5 57. gxh5 Kf5 58. Ne1 Kg5 59. Nc2 Kxh5 60. Ne3 d4 61. Nf5 Be5 62. Ke4 Bf6 63. Nd6 Kg6 64. f4 Bg7 65. f5+ Kg5 66. Nxf7+ Kf6 67. Nxh6 Bxh6 68. Kxd4 Kxf5 1/2-1/2


[Site "https://www.chess.com"]

[Event "Titled Tuesday Blitz November 01 Early 2022"]
[White "Zhigalko, Sergei"]
[Black "Krysa, Leandro"]
[WhiteFideId "13502956"]
[BlackFideId "116807"]
[WhiteElo "2662"]
[BlackElo "2486"]
[Result "1/2-1/2"]
[Round "10"]
[TimeControl "180+1"]
[Date "2022.11.01"]
[WhiteClock "0:00:09"]
[BlackClock "0:00:19"]

1. e4 e5 2. Nf3 Nf6 3. d4 Nxe4 4. Bd3 d5 5. Nxe5 Bd6 6. O-O O-O 7. Nc3 Nxc3 8. bxc3 Nc6 9. Nxc6 bxc6 10. Qf3 Be6 11. Re1 Rb8 12. h3 Qh4 13. a4 a5 14. Bd2 Rb2 15. Reb1 Rfb8 16. Rxb2 Rxb2 17. Bc1 Rb8 18. Bd2 h6 19. Qe2 Rb2 20. Bc1 Rb8 21. Be3 Rb2 22. Qe1 Qd8 23. Qc1 Rb8 24. Bxh6 c5 25. Bg5 Qd7 26. dxc5 Bxc5 27. Be3 Qd6 28. Bxc5 Qxc5 29. Qe3 Qxe3 30. fxe3 Rb2 31. e4 c5 32. exd5 Bxd5 33. c4 Bc6 34. Re1 Bxa4 35. Re5 f6 36. Rxc5 Bxc2 37. Bxc2 Rxc2 38. Rxa5 Rxc4 39. Kh2 Kh7 40. Ra8 Kg6 41. Ra2 Kf7 42. Ra7+ Kg6 43. Ra5 Kf7 44. Rb5 Kg6 45. Ra5 Kf7 46. Ra3 Kg6 47. Rf3 Kf7 48. Kg3 g5 49. Ra3 Kg6 50. Kf3 Rd4 51. g3 Rc4 52. Re3 Rb4 53. g4 Rf4+ 54. Kg3 Rb4 55. Rf3 Rc4 56. h4 gxh4+ 57. Kxh4 Rb4 58. Rf2 Rc4 59. Kg3 Rb4 60. Rf4 Rxf4 61. Kxf4 Kg7 62. Kf5 Kf7 63. g5 fxg5 64. Kxg5 1/2-1/2


[Site "https://www.chess.com"]

[Event "Titled Tuesday Blitz November 01 Early 2022"]
[White "Zhu, Jiner"]
[Black "Narayanan, Srinath"]
[WhiteFideId "8608059"]
[BlackFideId "5018420"]
[WhiteElo "2384"]
[BlackElo "2459"]
[Result "1-0"]
[Round "10"]
[TimeControl "180+1"]
[Date "2022.11.01"]
[WhiteClock "0:00:50"]
[BlackClock "0:01:07"]

1. c4 e6 2. Nc3 Nf6 3. e4 d5 4. e5 d4 5. exf6 dxc3 6. bxc3 Qxf6 7. d4 h6 8. Nf3 Bd6 9. Bd3 b6 10. Be4 c6 11. O-O Bb7 12. Qe2 O-O 13. Ne5 Qe7 14. f4 Rc8 15. Qf3 f5 16. Bd3 c5 17. Qe2 Nc6 18. Nxc6 Bxc6 19. d5 exd5 20. Qxe7 Bxe7 21. Bxf5 Rd8 22. Be6+ Kf8 23. f5 Bf6 24. Bb2 dxc4 25. Bxc4 Rd2 26. Rf2 Rad8 27. Re1 b5 28. Be6 Bd4 29. cxd4 Rxf2 30. Kxf2 c4 31. Bc3 Ke7 32. Bxc4+ Kd7 33. Be6+ Kd6 34. d5 Bb7 35. Bb4+ 1-0


[Site "https://www.chess.com"]

[Event "Titled Tuesday Blitz November 01 Early 2022"]
[White "Zilleruelo Irizarry, Diego"]
[Black "Adnan, Habib"]
[WhiteFideId "3101460"]
[BlackFideId "11202270"]
[WhiteElo "1998"]
[BlackElo "2110"]
[Result "0-1"]
[Round "10"]
[TimeControl "180+1"]
[Date "2022.11.02"]
[WhiteClock "0:00:11"]
[BlackClock "0:00:15"]

1. e4 c5 2. Nf3 Nc6 3. Bb5 g6 4. O-O Bg7 5. Bxc6 bxc6 6. Re1 Nf6 7. c3 O-O 8. d4 cxd4 9. cxd4 d5 10. e5 Ne4 11. h3 c5 12. Nc3 Bb7 13. Bf4 e6 14. Rc1 Rc8 15. Qb3 Ba8 16. Qa3 f6 17. Qxa7 Rf7 18. Qa3 fxe5 19. Bxe5 Rxf3 20. gxf3 Qg5+ 21. Kf1 Nd2+ 22. Ke2 Bxe5 23. dxe5 d4 24. Ne4 Nxe4 25. fxe4 Bxe4 26. Rxc5 d3+ 27. Kd1 Bf3+ 28. Re2 dxe2+ 29. Ke1 Qg1+ 30. Kd2 Qd1+ 31. Ke3 e1=Q+ 32. Kf4 Rf8+ 33. Kg5 Qg1+ 34. Kh6 Qd2+ 35. Qe3 Qxe3+ 36. fxe3 Qxe3# 0-1


[Site "https://www.chess.com"]

[Event "Titled Tuesday Blitz November 01 Early 2022"]
[White "Aaditya Dhingra"]
[Black "Goroshkov, Maksym"]
[WhiteFideId "25678191"]
[BlackFideId "14142716"]
[WhiteElo "2054"]
[BlackElo "2257"]
[Result "1/2-1/2"]
[Round "11"]
[TimeControl "180+1"]
[Date "2022.11.02"]
[WhiteClock "0:00:08"]
[BlackClock "0:00:21"]

1. e4 e5 2. Nf3 d6 3. d4 Bg4 4. dxe5 Nd7 5. exd6 Bxd6 6. Be2 Ngf6 7. Nc3 Qe7 8. h3 Bh5 9. Nd4 Bxe2 10. Qxe2 O-O-O 11. Nf5 Qf8 12. Bd2 Be5 13. O-O-O g6 14. Ne3 c6 15. Ng4 Nxg4 16. hxg4 Qc5 17. f4 Bc7 18. e5 Nb6 19. Be3 Qc4 20. Qxc4 Nxc4 21. Rxd8+ Rxd8 22. Bf2 Rh8 23. b3 Nb6 24. Ne4 Nd5 25. g3 h5 26. a3 b5 27. Bxa7 h4 28. c4 bxc4 29. bxc4 Kb7 30. cxd5 cxd5 31. Nd6+ Kxa7 32. Nb5+ Kb7 33. Nxc7 hxg3 34. Rg1 Kxc7 35. Rxg3 Ra8 36. Rh3 Ra4 37. Rf3 Kc6 38. Kb2 Kb5 39. Kb3 Re4 40. Rd3 Rxf4 41. Rxd5+ Kc6 42. Rd6+ Kc5 43. Rf6 Rxg4 44. Rxf7 Rg3+ 45. Kb2 Re3 46. Rf6 g5 47. Rf5 g4 48. Rg5 g3 49. e6+ Kd6 50. Rg6 Ke7 51. a4 Rxe6 52. Rxg3 Kd7 53. Rc3 Rc6 54. Rg3 Kc7 55. Ka3 Rc4 56. Kb3 Rh4 57. Rg6 Kb7 58. a5 Rf4 59. Rg7+ Ka6 60. Rg6+ Kxa5 61. Rg5+ Kb6 62. Rg6+ Kc5 63. Rg5+ Kd4 64. Rg6 Rf3+ 65. Kc2 Rf2+ 66. Kb3 Rf3+ 67. Kb4 Rf4 68. Kb5 Ke5 69. Rg5+ Rf5 70. Rxf5+ Kxf5 1/2-1/2


[Site "https://www.chess.com"]

[Event "Titled Tuesday Blitz November 01 Early 2022"]
[White "Adnan, Habib"]
[Black "Harriott, Tyrell"]
[WhiteFideId "11202270"]
[BlackFideId "2086484"]
[WhiteElo "2110"]
[BlackElo "2107"]
[Result "1/2-1/2"]
[Round "11"]
[TimeControl "180+1"]
[Date "2022.11.02"]
[WhiteClock "0:00:32"]
[BlackClock "0:00:58"]

1. d4 e6 2. c4 d5 3. g3 c6 4. Bg2 Bd6 5. Nf3 f5 6. O-O Nf6 7. Nc3 O-O 8. Qc2 Ne4 9. Bf4 Bxf4 10. gxf4 Nd7 11. Ne5 Nxe5 12. fxe5 Qg5 13. e3 b6 14. f4 Qh4 15. Rf3 Ba6 16. Nxe4 fxe4 17. Rh3 Qg4 18. Rg3 Qh5 19. b3 Rf5 20. Bh3 dxc4 21. Bxf5 Qxf5 22. bxc4 Rd8 23. Kh1 c5 24. Rag1 g6 25. dxc5 bxc5 26. Qa4 Bb7 27. Rd1 Qf8 28. Rgg1 Ra8 29. Qd7 Ba6 30. Qxe6+ Kg7 31. Qxa6 Qf5 32. Qb7+ Kh6 33. Rd7 Rh8 34. Rd2 Qh3 35. Qb3 Qf3+ 36. Rdg2 Rd8 37. e6 Rd3 38. e7 Rd2 39. e8=Q Rxg2 40. Qf8+ Kh5 41. Rxg2 Qf1+ 42. Rg1 Qf3+ 43. Rg2 Qf1+ 44. Rg1 Qf3+ 45. Rg2 1/2-1/2


[Site "https://www.chess.com"]

[Event "Titled Tuesday Blitz November 01 Early 2022"]
[White "Agasarov, Benik"]
[Black "Stribuk, Artiom"]
[WhiteFideId "13314823"]
[BlackFideId "13515659"]
[WhiteElo "2152"]
[BlackElo "2279"]
[Result "0-1"]
[Round "11"]
[TimeControl "180+1"]
[Date "2022.11.01"]
[WhiteClock "0:00:16"]
[BlackClock "0:00:13"]

1. d4 Nf6 2. c4 c5 3. d5 b5 4. cxb5 a6 5. bxa6 e6 6. Nc3 exd5 7. Nxd5 Be7 8. e4 O-O 9. Bd3 Nxd5 10. exd5 Bxa6 11. Ne2 d6 12. O-O Nd7 13. Bf4 Nb6 14. Nc3 h6 15. Bxa6 Rxa6 16. Qe2 Ra8 17. a4 Bf6 18. a5 Re8 19. Qb5 Nc8 20. Qc6 Ne7 21. Qxd6 Bxc3 22. bxc3 Nxd5 23. Qxd8 Rexd8 24. Bd2 c4 25. Rfd1 Nf6 26. f3 Ra6 27. Ra2 Rd5 28. Rda1 Nd7 29. Be3 Ne5 30. Bb6 Rd3 31. Kf2 Rxc3 32. Bd4 Nd3+ 33. Ke3 Rb3 34. Ra3 Nb4+ 35. Rxb3 Nc2+ 36. Kd2 cxb3 37. Ra4 Nxd4 38. Rxd4 Rxa5 39. Kc3 Ra2 40. Rd8+ Kh7 41. Rd2 Rxd2 42. Kxd2 Kg6 43. Kc3 Kf5 44. Kxb3 Kf4 45. Kc3 Ke3 46. Kc4 Kf2 47. g3 Kxf3 48. Kd5 Kg2 49. Kd6 Kxh2 50. Ke7 Kxg3 51. Kxf7 h5 52. Kg6 h4 53. Kg5 h3 54. Kh5 h2 55. Kg6 h1=Q 56. Kxg7 Qc6 57. Kh8 0-1


[Site "https://www.chess.com"]

[Event "Titled Tuesday Blitz November 01 Early 2022"]
[White "Alexikov, Alexander"]
[Black "Tharushi, T H D Niklesha"]
[WhiteFideId "14103958"]
[BlackFideId "9918264"]
[WhiteElo "2222"]
[BlackElo "1596"]
[Result "1-0"]
[Round "11"]
[TimeControl "180+1"]
[Date "2022.11.02"]
[WhiteClock "0:00:10"]
[BlackClock "0:00:30"]

1. e4 c6 2. d4 d5 3. e5 Bf5 4. h4 h5 5. Ne2 Nh6 6. Ng3 Bg4 7. f3 Be6 8. Nxh5 Nf5 9. Nf4 Nxh4 10. Kf2 Bf5 11. g4 Bg6 12. e6 fxe6 13. Kg3 Nf5+ 14. gxf5 Rxh1 15. Nxg6 exf5 16. Bg5 Qd6+ 17. Ne5 Nd7 18. f4 Nxe5 19. dxe5 Qb4 20. Nd2 e6 21. Nf3 Be7 22. b3 Bxg5 23. Nxg5 Qc5 24. Nf3 Qe3 25. Qd2 Qxd2 26. Nxd2 O-O-O 27. Nf3 Rdh8 28. Re1 R8h6 29. c4 Kd7 30. cxd5 cxd5 31. Bb5+ Ke7 32. Re2 R6h3+ 33. Kg2 a6 34. Bd3 Rh6 35. Rd2 Ra1 36. Be2 Rah1 37. Kf2 R1h3 38. Ke3 b5 39. Rc2 Kd7 40. a4 Rh2 41. Nxh2 Rxh2 42. Bxb5+ axb5 43. Rxh2 Kc6 44. Rg2 bxa4 45. bxa4 Kc5 46. Rxg7 d4+ 47. Kd3 Kd5 48. Re7 Kc6 49. Rxe6+ Kc5 50. Rf6 Kb4 51. Kxd4 Ka3 52. Rxf5 Ka2 53. Kc3 Ka1 54. e6 Ka2 55. e7 Ka3 56. e8=Q Ka2 57. Qb5 Ka3 58. Qb3# 1-0


[Site "https://www.chess.com"]

[Event "Titled Tuesday Blitz November 01 Early 2022"]
[White "Averjanov, Alexey"]
[Black "Goriatchkin, Jouri"]
[WhiteFideId "14109867"]
[BlackFideId "4120183"]
[WhiteElo "2681"]
[BlackElo "1875"]
[Result "0-1"]
[Round "11"]
[TimeControl "180+1"]
[Date "2022.11.02"]
[WhiteClock "0:02:32"]
[BlackClock "0:01:01"]

1. d4 d5 2. c4 dxc4 3. e3 Nf6 4. Bxc4 e6 5. Nf3 c5 6. O-O a6 7. b3 Nc6 8. Bb2 Be7 9. Nbd2 b6 10. Rc1 Bb7 11. Qe2 O-O 12. Rfd1 cxd4 13. Nxd4 Nxd4 14. Bxd4 Ba3 15. Rb1 b5 16. Bd3 Qe7 17. Nf3 Rac8 18. Bb2 Bxb2 19. Rxb2 Rfd8 20. h3 Be4 21. Bxe4 Nxe4 22. Rxd8+ Rxd8 23. Nd2 Nc3 24. Qf3 h6 25. Ne4 Nxe4 26. Qxe4 Qc7 27. g3 Qc1+ 28. Kg2 Qxb2 0-1


[Site "https://www.chess.com"]

[Event "Titled Tuesday Blitz November 01 Early 2022"]
[White "Bagwe Gaurang"]
[Black "Mirzoev, Azer"]
[WhiteFideId "45039895"]
[BlackFideId "13400304"]
[WhiteElo "1931"]
[BlackElo "2525"]
[Result "1-0"]
[Round "11"]
[TimeControl "180+1"]
[Date "2022.11.02"]
[WhiteClock "0:00:10"]
[BlackClock "0:00:03"]

1. e4 c5 2. Nf3 e6 3. d4 cxd4 4. Nxd4 a6 5. c4 Nf6 6. Nc3 Qc7 7. Be2 b6 8. O-O Bb7 9. f3 Bd6 10. h3 O-O 11. Bg5 Be7 12. Qd2 d6 13. Rae1 Nbd7 14. b3 Rfe8 15. Bd1 Rac8 16. a4 h6 17. Be3 Qb8 18. Nb1 d5 19. exd5 exd5 20. Nf5 Bf8 21. Bf4 Qa7 22. cxd5 Nxd5 23. Bd6 N7f6 24. Kh1 Qa8 25. Na3 Bxd6 26. Nxd6 Rxe1 27. Rxe1 Rd8 28. Nxb7 Qxb7 29. Bc2 Qc7 30. Rc1 Qb8 31. Rd1 Re8 32. Re1 Rxe1+ 33. Qxe1 g6 34. Nc4 b5 35. axb5 axb5 36. Qe5 Qc8 37. Na3 Qc5 38. Qa1 Nh5 39. Bd3 b4 40. Nc4 Ndf4 41. Bf1 Ng3+ 42. Kh2 Nf5 43. Qa8+ Kg7 44. Qe4 Qc7 45. Qe5+ Qxe5 46. Nxe5 Ne6 47. Bc4 Nfd4 48. Nd3 Nc6 49. Kg3 Kf6 50. Kf2 Ned4 51. Ke3 Nc2+ 52. Kd2 1-0


[Site "https://www.chess.com"]

[Event "Titled Tuesday Blitz November 01 Early 2022"]
[White "Bashirli, Saadat"]
[Black "Mesa Cruz, Juan Carlos"]
[WhiteFideId "13429990"]
[BlackFideId "6423400"]
[WhiteElo "1408"]
[BlackElo "2059"]
[Result "0-1"]
[Round "11"]
[TimeControl "180+1"]
[Date "2022.11.02"]
[WhiteClock "0:00:31"]
[BlackClock "0:00:44"]

1. d4 Nf6 2. c4 e6 3. Nc3 Bb4 4. e3 O-O 5. Bd3 d5 6. a3 Bxc3+ 7. bxc3 c5 8. cxd5 exd5 9. Nf3 b6 10. O-O Ba6 11. Bxa6 Nxa6 12. Bb2 c4 13. Re1 Ne4 14. Nd2 Nxd2 15. Qxd2 f5 16. f3 Qd7 17. e4 Rae8 18. e5 f4 19. Re2 Nc7 20. Rae1 Ne6 21. Qc2 g6 22. a4 Rb8 23. Ba3 Rfc8 24. Bd6 Rb7 25. Ra1 a6 26. Ree1 Ng7 27. Reb1 Nf5 28. Ba3 Ne3 29. Qd2 Qf5 30. Bc5 Qd3 31. Qe1 Nc2 32. Qc1 Nxa1 33. Bxb6 Nb3 34. Qxf4 Qxb1+ 35. Kf2 Rxb6 36. Qg4 Qf5 37. Qh4 Nc1 38. Qe7 Nd3+ 39. Kg3 Qf4+ 40. Kh3 Nf2# 0-1


[Site "https://www.chess.com"]

[Event "Titled Tuesday Blitz November 01 Early 2022"]
[White "Besedes, Danilo"]
[Black "Goryachkina, Aleksandra"]
[WhiteFideId "946796"]
[BlackFideId "4147103"]
[WhiteElo "2352"]
[BlackElo "2484"]
[Result "1-0"]
[Round "11"]
[TimeControl "180+1"]
[Date "2022.11.02"]
[WhiteClock "0:00:43"]
[BlackClock "0:00:03"]

1. d4 Nf6 2. Nf3 d5 3. Bf4 c5 4. e3 Nc6 5. Nc3 cxd4 6. exd4 a6 7. Be2 Bg4 8. Ne5 Bxe2 9. Nxe2 e6 10. c3 Bd6 11. Qd2 O-O 12. f3 Qc7 13. Nd3 Nd7 14. Bxd6 Qxd6 15. f4 Na5 16. O-O Nc4 17. Qc1 b5 18. Ng3 g6 19. b3 Ncb6 20. Qe3 Rac8 21. Ne5 f6 22. Ng4 Kh8 23. h4 f5 24. Ne5 Nxe5 25. fxe5 Qe7 26. Qh6 Rxc3 27. Ne2 Rc6 28. Rac1 Rfc8 29. Rxc6 Rxc6 30. h5 Qg7 31. Qg5 gxh5 32. Qxh5 Rc8 33. Nf4 Rg8 34. Rf2 Qe7 35. Qh6 Nd7 36. Qxe6 Qxe6 37. Nxe6 Rg4 38. Rxf5 Kg8 39. Rf4 Rxf4 40. Nxf4 Nb6 41. Kf2 Kf7 42. Kf3 a5 43. Kg4 a4 44. Kg5 axb3 45. axb3 b4 46. Kh6 Ke7 47. Kxh7 Nd7 48. Nxd5+ Ke6 49. Nxb4 Kf5 50. Kg7 Nb6 51. Kf7 1-0


[Site "https://www.chess.com"]

[Event "Titled Tuesday Blitz November 01 Early 2022"]
[White "Blokhin, Sofia"]
[Black "Manon-og, Ramon Jr."]
[WhiteFideId "4508190"]
[BlackFideId "5200776"]
[WhiteElo "2005"]
[BlackElo "2271"]
[Result "0-1"]
[Round "11"]
[TimeControl "180+1"]
[Date "2022.11.02"]
[WhiteClock "0:00:04"]
[BlackClock "0:01:12"]

1. e4 c5 2. Nf3 d6 3. d4 cxd4 4. Nxd4 Nf6 5. Nc3 a6 6. Be3 e5 7. Nb3 Be7 8. f3 O-O 9. Qd2 Be6 10. O-O-O Nbd7 11. g4 b5 12. h4 b4 13. Nd5 Bxd5 14. exd5 Nb6 15. Bxb6 Qxb6 16. h5 h6 17. Kb1 a5 18. g5 hxg5 19. Qxg5 Nxd5 20. Qd2 Ne3 21. h6 g6 22. Re1 Nxf1 23. Rexf1 a4 24. Nc1 Bf6 25. Qd3 Kh7 26. Qe4 Qd4 27. Qxd4 exd4 28. f4 a3 29. b3 Rfe8 30. Nd3 Rab8 31. Re1 Re3 32. Rxe3 dxe3 33. Re1 Bd4 34. c3 bxc3 35. Kc2 Kxh6 36. Rh1+ Kg7 37. Rh4 e2 38. Rh2 Re8 39. Ne1 Kf6 40. Kd3 Bc5 41. Rxe2 Rxe2 42. Kxe2 Kf5 43. Nd3 Ke4 44. b4 Bb6 45. b5 f6 46. Nb4 g5 47. Nc2 gxf4 48. Nxa3 f3+ 49. Kf1 Kd3 50. Ke1 f2+ 51. Kf1 c2 52. Nxc2 Kxc2 53. a4 Kb3 54. a5 Bxa5 55. Kxf2 Kb4 56. Ke3 Kxb5 57. Ke4 Kc4 58. Kf5 d5 59. Kxf6 d4 0-1


[Site "https://www.chess.com"]

[Event "Titled Tuesday Blitz November 01 Early 2022"]
[White "Bortnyk, Olexandr"]
[Black "Sarana, Alexey"]
[WhiteFideId "14120828"]
[BlackFideId "24133795"]
[WhiteElo "2723"]
[BlackElo "2689"]
[Result "1-0"]
[Round "11"]
[TimeControl "180+1"]
[Date "2022.11.01"]
[WhiteClock "0:00:05"]
[BlackClock "0:00:02"]

1. e4 c5 2. c3 d5 3. exd5 Qxd5 4. d4 Nc6 5. Be3 cxd4 6. cxd4 e5 7. Nc3 Bb4 8. Nf3 exd4 9. Nxd4 Nf6 10. Be2 O-O 11. O-O Qe5 12. Bf3 Bd7 13. Nxc6 Bxc6 14. Bxc6 bxc6 15. Qd4 Qxd4 16. Bxd4 Rfd8 17. Bxf6 gxf6 18. Ne4 Kg7 19. Rac1 Rac8 20. Rc4 Bf8 21. Rfc1 Rd5 22. g4 h5 23. gxh5 f5 24. Ng3 c5 25. b4 Bd6 26. Kg2 Kh6 27. a4 Rg8 28. bxc5 Bc7 29. Kf3 f4 30. Ne4 Rd3+ 31. Ke2 Ra3 32. R1c3 Ra2+ 33. Kf3 Rg1 34. Rd3 f5 35. Nd6 Rf1 36. Kxf4 Rfxf2+ 37. Ke5 Rae2+ 38. Kd5 f4 39. Kc6 Ba5 40. Kb5 Bc7 41. Kc6 Ba5 42. Rd5 f3 43. Rg4 Rg2 44. Rf4 f2 45. Rf6+ Kh7 46. Rdf5 Be1 47. h4 Re7 48. Nf7 Rg1 49. Ng5+ Kg8 50. h6 Re8 51. Rg6+ Kh8 52. Rf7 Rxg5 53. hxg5 a5 54. Rgf6 Bc3 55. Rxf2 Re6+ 56. Kd7 Re5 57. g6 Rd5+ 58. Kc6 Rd8 59. Rf8+ 1-0


[Site "https://www.chess.com"]

[Event "Titled Tuesday Blitz November 01 Early 2022"]
[White "Bryakin, Mikhail"]
[Black "Ibarra Jerez, Jose Carlos"]
[WhiteFideId "4165314"]
[BlackFideId "2226332"]
[WhiteElo "2367"]
[BlackElo "2627"]
[Result "1-0"]
[Round "11"]
[TimeControl "180+1"]
[Date "2022.11.01"]
[WhiteClock "0:00:23"]
[BlackClock "0:00:12"]

1. Nf3 d6 2. d4 Nf6 3. Bg5 Nbd7 4. Nbd2 e5 5. e4 Be7 6. c3 O-O 7. Bd3 b6 8. O-O Bb7 9. Re1 h6 10. Bh4 Nh5 11. Bxe7 Qxe7 12. g3 g6 13. Nh4 Nf4 14. Bf1 Ne6 15. Nb3 Rae8 16. d5 Ng5 17. Nf3 c6 18. c4 c5 19. h4 Nxf3+ 20. Qxf3 f5 21. Bh3 f4 22. Qg4 Bc8 23. Qxg6+ Qg7 24. Be6+ Kh8 25. Qxg7+ Kxg7 26. g4 f3 27. Kh2 Rf4 28. Nd2 Nf6 29. Bxc8 Rxc8 30. Rg1 Nxg4+ 31. Kh3 h5 32. Rg3 Rcf8 33. Rf1 Kh6 34. a4 a6 35. b3 b5 36. axb5 axb5 37. cxb5 R4f7 38. Nc4 Rf6 39. b6 R8f7 40. Ne3 Rb7 41. Rxg4 hxg4+ 42. Nxg4+ Kg6 43. Nxf6 Kxf6 44. Rc1 Rxb6 45. Rc3 Rb4 46. Rxf3+ Kg6 47. Re3 Rd4 48. Kg4 Rd1 49. h5+ Kf6 50. Rf3+ Ke7 51. Kf5 Rh1 52. Kg6 Rg1+ 53. Rg3 Rf1 54. f3 Rg1 55. Rxg1 1-0


[Site "https://www.chess.com"]

[Event "Titled Tuesday Blitz November 01 Early 2022"]
[White "Cabezas Solano, David Alejandro"]
[Black "Budrewicz, Krzysztof"]
[WhiteFideId "6507522"]
[BlackFideId "1127950"]
[WhiteElo "2035"]
[BlackElo "2171"]
[Result "0-1"]
[Round "11"]
[TimeControl "180+1"]
[Date "2022.11.02"]
[WhiteClock "0:00:01"]
[BlackClock "0:00:11"]

1. d4 b6 2. e4 Bb7 3. Nc3 e6 4. Bd3 d5 5. e5 c5 6. Nf3 Ne7 7. O-O h6 8. Re1 g5 9. h3 a6 10. a4 Bg7 11. a5 cxd4 12. Nxd4 b5 13. Qh5 Qd7 14. f4 gxf4 15. Bxf4 Nbc6 16. Nb3 Qc7 17. Nc5 Bc8 18. Bxb5 Qa7 19. Be3 Qb8 20. Ba4 Qxe5 21. Qg4 h5 22. Qf3 Qf6 23. Qxf6 Bxf6 24. Bf2 O-O 25. Bb3 Rb8 26. Bg3 Rb4 27. Nd3 Rb7 28. Kh1 Nd4 29. Ba4 Nef5 30. Bf4 Ra7 31. Ne5 Kg7 32. Ne2 Nb5 33. c3 Nbd6 34. g4 hxg4 35. hxg4 Ne7 36. g5 Bxe5 37. Bxe5+ Kg8 38. Bxd6 Rd8 39. Be5 Bd7 40. Bxd7 Rdxd7 41. Nd4 Ng6 42. Bf6 Rab7 43. b4 Rdc7 44. Re3 Rc4 45. Kg2 Kf8 46. Rh1 Ke8 47. Kf3 Kd7 48. Ke2 Kd6 49. Kd2 Rbc7 50. Rh7 Nf8 51. Rh8 Nd7 52. Rd8 Rc8 53. Rxc8 Rxc8 54. g6 Nxf6 55. gxf7 e5 56. Nf5+ Ke6 57. Nd4+ Kxf7 58. Rxe5 Rh8 59. Rf5 Rh2+ 60. Kd3 Rh3+ 61. Rf3 Rh1 62. Nf5 Ke6 63. Nd4+ Ke5 64. Nc6+ Ke6 65. Nd4+ Ke7 66. Nf5+ Kd7 67. Nd4 Ne4 68. Rf7+ Kd8 69. Ra7 Rh3+ 70. Ke2 Nxc3+ 71. Kf2 Ne4+ 72. Kg2 Rg3+ 73. Kh2 Rg6 74. b5 axb5 75. Nxb5 Nc5 76. Nd4 Rd6 77. Kg3 Kc8 78. Kf4 Kb8 79. Rh7 Nb7 80. Ke5 Ra6 81. Rh8+ Kc7 82. Kxd5 Rxa5+ 83. Ke4 Nd6+ 84. Kd3 Ra3+ 85. Ke2 Kb6 86. Rh6 Kc5 87. Nf3 Kd5 88. Rh5+ Ke4 89. Re5+ Kf4 90. Rd5 Ne4 91. Nd4 Ra2+ 92. Ke1 Ke3 93. Nf5+ Kf3 94. Nd4+ Kf4 95. Ne6+ Ke3 96. Rd1 Rh2 0-1


[Site "https://www.chess.com"]

[Event "Titled Tuesday Blitz November 01 Early 2022"]
[White "Caruana, Fabiano"]
[Black "Zakhartsov, Vladimir"]
[WhiteFideId "2020009"]
[BlackFideId "4145097"]
[WhiteElo "2847"]
[BlackElo "2492"]
[Result "1-0"]
[Round "11"]
[TimeControl "180+1"]
[Date "2022.11.01"]
[WhiteClock "0:00:49"]
[BlackClock "0:00:02"]

1. Nc3 d5 2. d4 Nf6 3. Bf4 a6 4. e3 b5 5. Bd3 e6 6. Nf3 Bb7 7. O-O c5 8. Ne5 Nbd7 9. Qf3 c4 10. Be2 b4 11. Na4 Nxe5 12. Bxe5 Ne4 13. Rfd1 Bc6 14. Nc5 Nxc5 15. dxc5 f6 16. Qh3 Kf7 17. Bg4 Qc8 18. e4 dxe4 19. Bd6 f5 20. Bh5+ g6 21. Be2 Bd5 22. a3 Bxd6 23. cxd6 a5 24. axb4 axb4 25. d7 Qxd7 26. Rxa8 Rxa8 27. Qxh7+ Ke8 28. Qg8+ Ke7 29. Qxg6 Qc7 30. h4 Qe5 31. Bxc4 e3 32. Qg5+ Qf6 33. Qxe3 Bxc4 34. Qc5+ Kf7 35. Qxc4 Qxb2 36. Qc7+ Kf6 37. Qh7 Qxc2 38. Qh6+ Kf7 39. Rd7+ Ke8 40. Qxe6+ 1-0


[Site "https://www.chess.com"]

[Event "Titled Tuesday Blitz November 01 Early 2022"]
[White "Chan, Kim Yew"]
[Black "Jiganchine, Roman"]
[WhiteFideId "5717981"]
[BlackFideId "2603667"]
[WhiteElo "2206"]
[BlackElo "2322"]
[Result "0-1"]
[Round "11"]
[TimeControl "180+1"]
[Date "2022.11.02"]
[WhiteClock "0:00:01"]
[BlackClock "0:00:17"]

1. d4 d5 2. Nf3 Nf6 3. e3 Bf5 4. Nh4 Bc8 5. g3 c6 6. Bg2 g6 7. Nd2 Bg7 8. O-O O-O 9. c4 Nbd7 10. Nhf3 Re8 11. b3 Ne4 12. Bb2 Ndf6 13. Ne5 Nxd2 14. Qxd2 Ne4 15. Qe2 a5 16. Rfc1 a4 17. bxa4 Rxa4 18. cxd5 cxd5 19. Qc2 Ra8 20. Qb3 Be6 21. a4 Qa5 22. Rc2 Qa6 23. Bf1 Qa7 24. Bb5 Rec8 25. Rac1 Rxc2 26. Qxc2 Qb6 27. Ba3 h5 28. Qc7 Qa7 29. Bxe7 Rc8 30. Qxc8+ Bxc8 31. Rxc8+ Kh7 32. Nxf7 Qa5 33. Rc1 Qd2 34. Rf1 h4 35. Kg2 Bh6 36. Nxh6 Kxh6 37. Bxh4 g5 38. Bxg5+ Nxg5 39. h4 Ne4 40. Bd7 Nf6 41. Bf5 Qb4 42. g4 Qxa4 43. g5+ Kg7 44. gxf6+ Kxf6 45. Bd3 Qd7 0-1


[Site "https://www.chess.com"]

[Event "Titled Tuesday Blitz November 01 Early 2022"]
[White "Chernobay, Artem"]
[Black "Faizrakhmanov, Ramil"]
[WhiteFideId "4167406"]
[BlackFideId "24103209"]
[WhiteElo "2473"]
[BlackElo "2421"]
[Result "0-1"]
[Round "11"]
[TimeControl "180+1"]
[Date "2022.11.01"]
[WhiteClock "0:00:07"]
[BlackClock "0:00:20"]

1. e4 c6 2. d4 d5 3. Nd2 dxe4 4. Nxe4 Bf5 5. Ng3 Bg6 6. h4 h6 7. Nf3 Nd7 8. h5 Bh7 9. Bd3 Bxd3 10. Qxd3 e6 11. Bd2 Ngf6 12. O-O-O Be7 13. Ne4 Nxe4 14. Qxe4 Nf6 15. Qd3 Qd5 16. c4 Qe4 17. Qb3 b5 18. Rde1 Qf5 19. Ne5 Rc8 20. f3 O-O 21. c5 Nd5 22. g4 Qh7 23. f4 Rfd8 24. g5 Qf5 25. g6 fxg6 26. Nxg6 Bf6 27. Qh3 Bxd4 28. Rxe6 Qxh3 29. Rxh3 Bxc5 30. Ne5 Re8 31. Rg6 Ne7 32. Re6 Nf5 33. Rxe8+ Rxe8 34. Ng6 Re2 35. Rc3 Bb4 36. Rxc6 Bxd2+ 37. Kd1 Rg2 38. Rc8+ Kf7 39. Rc7+ Ke8 0-1


[Site "https://www.chess.com"]